Map: Orbital Shipyard

Players

Ailee (Azure)

  • Race: Terran Terran
  • League: Grandmaster

Excel - Winner!

  • Race: Zerg Zerg
  • League: Grandmaster

VOD

Have the link to the VOD?

Description

Time

  • Played on: Dec. 4, 2015, 5:16 a.m.
  • Length: 5:14
Show
View Real Time Build Order
Export as new Build Order

Ailee Terran 

Build Orders: Reaper Expand 

Get SALT Encoding   

  12  0:01  SCV  
  13  0:13  SCV  
  14  0:18  Supply Depot  
  14  0:25  SCV  
  15  0:39  SCV  
  15  0:40  Barracks  
  16  0:44  Refinery  
  16  0:51  SCV  
  17  1:03  SCV  
  18  1:15  SCV  
  19  1:28  Orbital Command  
  19  1:29  Reaper  
  20  1:43  Command Center  
  21  1:54  SCV  
  21  1:56  Supply Depot  
  21  2:06  Barracks Reactor, SCV  
  22  2:12  Refinery  
  22  2:18  SCV  
  23  2:22  Factory  
  23  2:30  SCV  
  24  2:44  Marine x2  
  24  2:45  SCV  
  27  2:55  Command Center  
  28  2:58  Orbital Command  
  27  3:07  SCV  
  28  3:19  SCV, Starport  
  29  3:24  Barracks Tech Lab  
  31  3:27  Hellion  
  31  3:33  SCV, Hellion  
  34  3:34  SCV  
  34  3:45  SCV  
  34  3:47  Bunker  
  35  3:49  SCV  
  35  3:50  Hellion  
  35  3:51  Barracks Tech Lab  
  35  3:54  Hellion  
  40  3:58  SCV  
  41  4:03  Banshee  
  41  4:09  Orbital Command  
  44  4:11  SCV  
  44  4:12  SCV  
  46  4:19  Marauder  
  46  4:23  SCV  
  49  4:24  SCV  
  49  4:31  Factory Reactor, Barracks  
  50  4:35  SCV  
  51  4:40  Marauder  
Show
View Real Time Build Order
Export as new Build Order

Excel Zerg - Winner!

Build Orders: Hatch First, Roach Nydus 

Get SALT Encoding   

  12  0:01  Drone  
  13  0:13  Overlord  
  13  0:18  Drone  
  14  0:36  Drone x3  
  17  0:53  Hatchery  
  16  0:57  Drone  
  16  1:00  Drone  
  18  1:14  Spawning Pool  
  17  1:18  Drone  
  17  1:21  Drone  
  17  1:22  Extractor  
  18  1:34  Drone  
  19  1:41  Drone  
  20  1:52  Overlord  
  20  2:02  Zergling x2  
  20  2:06  Queen x2  
  25  2:09  Drone  
  25  2:14  Drone  
  27  2:16  Drone  
  28  2:29  Roach Warren  
  27  2:34  Drone  
  27  2:36  Spore Crawler  
  27  2:37  Drone x3  
  27  2:40  Spore Crawler  
  26  2:49  Drone  
  26  2:50  Drone  
  30  2:52  Lair  
  30  2:57  Queen  
  32  3:02  Extractor  
  32  3:04  Extractor  
  32  3:05  Drone  
  31  3:06  Drone  
  31  3:11  Drone x2  
  34  3:18  Overlord  
  34  3:22  Drone  
  35  3:37  Drone x2  
  37  3:41  Drone x3  
  37  3:43  Roach  
  37  3:47  Overlord  
  42  3:54  Nydus Network, Roach  
  43  4:03  Overlord  
  43  4:06  Roach x3  
  49  4:11  Roach  
  51  4:17  Overlord  
  51  4:24  Roach  
  51  4:31  Nydus Canal  
  53  4:32  Roach x2  
  53  4:37  Roach, Queen  
  61  4:39  Overseer  
  61  4:42  Roach  
Tags
 
Add a new tag
Caveats
  • Supply blocks, unpowered buildings, or Contaminate may cause inaccurate times.
  • Supply counts are checked every 10 seconds.